 Dungeon Crawl Stone Soup version 0.22-a0-815-gb582571 (webtiles) character file.

13192 zishaf the Arsonist (level 11, -1/63 HPs)
             Began as a Deep Elf Fire Elementalist on July 24, 2018.
             Was an Elder of Vehumet.
             Slain by a hippogriff (3 damage)
             ... on level 11 of the Dungeon.
             The game lasted 00:43:20 (15330 turns).

zishaf the Arsonist (Deep Elf Fire Elementalist)   Turns: 15330, Time: 00:43:21

Health: -1/63      AC:  5    Str:  5    XL:     11   Next: 72%
Magic:  7/23       EV: 17    Int: 24    God:    Vehumet [****..]
Gold:   537        SH:  8    Dex: 15    Spells: 5/24 levels left

rFire    + . .     SeeInvis .   r - staff of conjuration
rCold    + . .     Gourm    .   b - +1 buckler
rNeg     . . .     Faith    .   t - +2 robe {Archmagi}
rPois    .         Spirit   .   C - +0 helmet
rElec    .         Reflect  +   y - +0 cloak
rCorr    .         Harm     .   F - -2 pair of gloves of Hite {+Blink rF+ rC+ Stlth+}
MR       +....                  (no boots)
Stlth    +++.......             o - +2 amulet of reflection
HPRegen  0.20/turn              i - ring of flight
MPRegen  0.18/turn              (no ring)

@: no status effects
A: no striking features
a: Renounce Religion, Evoke Blink, Evoke Flight


You were on level 11 of the Dungeon.
You worshipped Vehumet.
Vehumet was greatly pleased with you.
You were hungry.

You visited 3 branches of the dungeon, and saw 14 of its levels.
You also visited: Ossuary.

You collected 537 gold pieces.

Inventory:

Hand Weapons
 f - a +0 whip
Armour
 b - a +1 buckler (worn)
 t - a +2 robe of the Archmagi (worn)
 y - a +0 cloak (worn)
 C - a +0 helmet (worn)
 E - the +1 pair of gloves "Hotrujusa" {Stlth+}
   (You found it on level 9 of the Dungeon)

   It makes you more stealthy.
 F - the -2 pair of gloves of Hite (worn) {+Blink rF+ rC+ Stlth+}
   (You found it on level 9 of the Dungeon)

   It protects you from fire.
   It protects you from cold.
   It lets you blink.
   It makes you more stealthy.
Magical Staves
 r - an uncursed staff of conjuration (weapon)
Jewellery
 i - a ring of flight (left hand)
 n - an uncursed amulet of regeneration
 o - a +2 amulet of reflection (around neck)
Wands
 G - a wand of iceblast (5)
 H - a wand of paralysis (18)
Scrolls
 e - 3 scrolls of enchant armour
 g - 6 scrolls of remove curse
 h - 6 scrolls of teleportation
 l - 2 scrolls of magic mapping
 m - 3 scrolls of amnesia
 q - a scroll of summoning
 v - 2 scrolls of fear {unknown}
 w - a scroll of immolation
 B - 3 scrolls of silence
Potions
 a - 2 potions of lignification
 d - 5 potions of flight
 j - 5 potions of curing
 k - 4 potions of heal wounds
 p - a potion of resistance
 s - 2 potions of might
 u - a potion of agility
 x - a potion of mutation
 z - a potion of berserk rage
 A - a potion of invisibility
 D - 2 potions of brilliance {unknown}
 J - a potion of cancellation
Comestibles
 c - 16 rations


   Skills:
 - Level 5.0 Fighting
 - Level 4.0 Staves
 + Level 7.8 Dodging
 - Level 2.4 Stealth
 - Level 4.0 Shields
 - Level 7.0 Spellcasting
 + Level 8.4 Conjurations
 * Level 5.5 Hexes
 - Level 9.0 Fire Magic
 - Level 9.0 Earth Magic
 + Level 4.3 Evocations


You had 5 spell levels left.
You knew the following spells:

 Your Spells              Type           Power        Failure   Level  Hunger
a - Flame Tongue          Conj/Fire      #####        1%          1    None
b - Throw Flame           Conj/Fire      ######       1%          2    None
c - Fireball              Conj/Fire      #######...   1%          5    #####..
d - Lee's Rapid Deconstr  Erth           ######....   1%          5    #####..
e - Stone Arrow           Conj/Erth      ######       1%          3    None
f - Confuse               Hex            ######..     2%          3    None

Your spell library contained the following spells:

 Spells                   Type           Power        Failure   Level  Hunger
 Conjure Flame            Conj/Fire      #######.     1%          3    None
 Sticky Flame             Conj/Fire      #######.     1%          4    ###....
 Tukima's Dance           Hex            ######..     2%          3    None
 Passwall                 Tmut/Erth      #####...     1%          2    None
 Ensorcelled Hibernation  Hex/Ice        ####..       3%          2    None
 Corona                   Hex            ######.      1%          1    None
 Sandblast                Erth           ######       1%          1    None
 Petrify                  Tmut/Erth      #####...     11%         4    ###....
 Inner Flame              Hex/Fire       ######..     1%          3    None
 Dazzling Spray           Conj/Hex       ######       1%          3    None


Dungeon Overview and Level Annotations

Branches:
Dungeon (12/15)            Temple (1/1) D:5            Lair (1/6) D:11
    Orc (0/2) D:11

Altars:
Ashenzari
Cheibriados
Dithmenos
Elyvilon
Fedhas
Gozag
Hepliaklqana
Kikubaaqudgha
Makhleb
Nemelex Xobeh
Okawaru
Qazlal
Ru
Sif Muna
Trog
Uskayaw
Vehumet
Wu Jian
Xom
Yredelemnul
Zin
The Shining One

Shops:
D:10 *   D:11 =

Annotations:
D:7 1 exclusion
D:11 exclusion: downstairs


Message History

Aiming: Fireball (safe; 1% risk of failure)
Press: ? - help, Shift-Dir - straight line, p - hippogriff
Okay, then.
The yak misses you. The hippogriff misses you.
The hippogriff completely misses you. x2
You climb upwards.
Welcome back to the Dungeon!
Level annotation: exclusion: downstairs
There is a staircase to the Lair here.
You fail to use your ability.
The yak gores you!
* * * LOW HITPOINT WARNING * * *
The hippogriff bites you!
* * * LOW HITPOINT WARNING * * *
The hippogriff pecks you.
* * * LOW HITPOINT WARNING * * *
The hippogriff claws you but does no damage.
You fail to use your ability.
The yak completely misses you. The hippogriff bites you.
* * * LOW HITPOINT WARNING * * *
You block the hippogriff's attack. The hippogriff claws you.
You die...

........#......≈≈≈.≈≈≈≈≈.......#.
........#....≈≈.≈≈.≈≈≈≈........+.
........>....≈≈≈.≈..≈≈≈........+.
........#...≈≈≈≈.....≈≈≈.......#.
#########..≈≈≈≈≈≈....≈≈≈.....###.
#..........≈≈≈≈≈......≈.≈....#...
...........≈≈≈≈≈..>.≈.≈≈≈....#...
...........≈≈≈≈≈HY...≈≈≈.....#...
######.....≈≈≈≈≈@≈.≈.≈≈≈≈.####...
.....#.....≈≈≈.≈≈≈≈≈≈≈≈..........
.....#.......≈≈≈≈≈≈≈≈≈≈..........
.....'..÷##...≈≈≈≈≈.≈.≈≈≈........
.....#...#....≈≈≈.≈≈.≈...........
.....#...#.........≈....≈........
.....##..#................######.
......#..#.....................#.
......#..#...........#.#.......#.


You could see a hippogriff and a yak.

Vanquished Creatures
  3 two-headed ogres
  Urug (D:10)
  Pikel (D:6)
  A cyclops (D:11)
  A gargoyle (D:11)
  A troll (D:11)
  2 hippogriffs
  Prince Ribbit (D:7)
  20 yaks
  2 wyverns
  Sigmund (D:2)
  Edmund (D:5)
  Duvessa (D:5)
  3 orc warriors
  A black bear (D:7)
  2 sky beasts
  A slave (D:6)
  2 ice beasts
  4 ogres
  4 wolves (D:11)
  2 phantoms (D:6)
  2 centaurs
  9 bullfrogs
  A gnoll sergeant (D:9)
  A wyvern zombie (D:7)
  A water moccasin zombie (Ossuary)
  Dowan (D:5)
  2 scorpions
  5 killer bees (D:9)
  5 wights (D:8)
  6 electric eels
  2 howler monkeys
  8 crimson imps
  5 hounds
  4 jellies
  2 bullfrog skeletons
  5 orc priests
  Crazy Yiuf (D:5)
  Jessica (D:2)
  A centaur skeleton (D:10)
  6 iguanas
  10 orc wizards
  8 worker ants
  3 big kobold zombies (Ossuary)
  A hound skeleton (D:9)
  2 mummies (Ossuary)
  3 worker ant zombies
  7 gnolls
  11 adders
  3 shadow imps
  5 adder zombies (Ossuary)
  2 adder skeletons
  2 worms
  2 dart slugs
  4 leopard geckos
  29 orcs
  3 ball pythons
  7 bats
  3 giant cockroaches
  4 goblins
  5 hobgoblins
  8 jackals
  5 kobolds
  7 quokkas
  2 frilled lizards
  A gnoll zombie (Ossuary)
  5 hobgoblin zombies (Ossuary)
  10 kobold zombies
  4 orc zombies (Ossuary)
  A quokka skeleton (D:9)
  4 rats
  A plant (D:6)
285 creatures vanquished.

Vanquished Creatures (others)
  A slave (D:6)
  A centaur (D:5)
  An orc (D:6)
  An orc zombie (Ossuary)
  2 plants (D:6)
6 creatures vanquished.

Grand Total: 291 creatures vanquished

Notes
Turn   | Place    | Note
-------+----------+-------------------------------------------
     0 | D:1      | zishaf the Deep Elf Fire Elementalist began the quest for the Orb.
     0 | D:1      | Reached XP level 1. HP: 10/10 MP: 6/6
   485 | D:1      | Reached XP level 2. HP: 14/15 MP: 8/8
   492 | D:1      | Learned a level 2 spell: Throw Flame
  1348 | D:2      | Reached skill level 1 in Shields
  1348 | D:2      | Reached XP level 3. HP: 19/19 MP: 3/9
  1549 | D:2      | Noticed Sigmund
  1791 | D:2      | Noticed Jessica
  1795 | D:2      | Killed Jessica
  1795 | D:2      | Reached XP level 4. HP: 24/24 MP: 4/11
  2026 | D:2      | Killed Sigmund
  2026 | D:2      | Reached XP level 5. HP: 15/28 MP: 5/13
  2232 | D:2      | Learned a level 5 spell: Fireball
  3383 | D:3      | Reached XP level 6. HP: 16/32 MP: 0/14
  3680 | D:4      | Reached skill level 5 in Spellcasting
  4471 | D:4      | Learned a level 2 spell: Passwall
  4580 | D:4      | Reached XP level 7. HP: 35/36 MP: 13/16
  4634 | D:5      | Entered Level 5 of the Dungeon
  4634 | D:5      | Found a blossoming altar of Fedhas.
  4728 | D:5      | Reached skill level 5 in Fire Magic
  4823 | D:5      | Found a staircase to the Ecumenical Temple.
  4836 | D:5      | Found a shattered altar of Ashenzari.
  4856 | D:5      | Noticed Duvessa
  4857 | D:5      | Noticed Dowan
  5355 | D:5      | Noticed Edmund
  5376 | D:5      | Killed Edmund
  5376 | D:5      | Reached skill level 5 in Conjurations
  5766 | D:4      | Learned a level 3 spell: Stone Arrow
  5768 | D:4      | Reached XP level 8. HP: 25/41 MP: 7/17
  6009 | Temple   | Entered the Ecumenical Temple
  6341 | Temple   | Became a worshipper of Vehumet
  6465 | D:5      | Killed Duvessa
  6465 | D:5      | Reached skill level 1 in Earth Magic
  6539 | D:5      | Killed Dowan
  6667 | D:5      | Found a runed door.
  6773 | D:5      | Noticed Crazy Yiuf
  6777 | D:5      | Killed Crazy Yiuf
  7081 | D:6      | Found a sand-covered staircase.
  7090 | Ossuary  | Entered an ossuary
  7440 | Ossuary  | Reached * piety under Vehumet
  7440 | Ossuary  | Offered knowledge of Magic Dart by Vehumet.
  7744 | D:6      | Reached skill level 5 in Dodging
  8057 | D:6      | Noticed Pikel
  8059 | D:6      | Killed Pikel
  8059 | D:6      | Reached XP level 9. HP: 45/45 MP: 10/20
  8441 | D:6      | Reached ** piety under Vehumet
  8450 | D:6      | Offered knowledge of Searing Ray by Vehumet.
  8450 | D:6      | Reached skill level 5 in Earth Magic
  8457 | D:6      | Learned a level 5 spell: Lee's Rapid Deconstruction
  8778 | D:7      | Found a snail-covered altar of Cheibriados.
  8788 | D:7      | Noticed Prince Ribbit
  8791 | D:7      | Killed Prince Ribbit
  8791 | D:7      | Reached skill level 1 in Fighting
  8859 | D:7      | Reached skill level 1 in Staves
  9339 | D:7      | Noticed a cyclops
 10170 | D:8      | Offered knowledge of Throw Frost by Vehumet.
 10609 | D:8      | Reached XP level 10. HP: 52/55 MP: 18/21
 10927 | D:8      | Noticed a two-headed ogre
 10933 | D:8      | Killed a two-headed ogre
 11230 | D:9      | Reached *** piety under Vehumet
 11283 | D:9      | Noticed a two-headed ogre
 11291 | D:9      | HP: 1/56 [two-headed ogre/giant spiked club (20)]
 11661 | D:8      | Killed a two-headed ogre
 12134 | D:9      | Reached skill level 5 in Fighting
 12221 | D:9      | Noticed a two-headed ogre
 12242 | D:9      | Killed a two-headed ogre
 12362 | D:9      | Reached skill level 1 in Evocations
 12531 | D:9      | Reached XP level 11. HP: 63/63 MP: 12/22
 12538 | D:9      | Offered knowledge of Throw Icicle by Vehumet.
 12641 | D:9      | Got a pair of heavily runed gloves
 12647 | D:9      | Identified the +1 pair of gloves "Hotrujusa" {Stlth+} (You found it on level 9 of the Dungeon)
 12727 | D:9      | Got a pair of heavily runed gloves
 12738 | D:9      | Identified the -2 pair of gloves of Hite {+Blink rF+ rC+ Stlth+} (You found it on level 9 of the Dungeon)
 13089 | D:9      | Reached **** piety under Vehumet
 13109 | D:9      | Found a stormy altar of Qazlal.
 13237 | D:10     | Entered Level 10 of the Dungeon
 13237 | D:10     | Found a basalt altar of Yredelemnul.
 13247 | D:10     | Offered knowledge of Static Discharge by Vehumet.
 13249 | D:10     | Noticed Urug
 13344 | D:9      | Learned a level 3 spell: Confuse
 13348 | D:10     | Killed Urug
 13860 | D:10     | Found Uppeluleunt's Assorted Antiques.
 14587 | D:11     | Found a staircase to the Orcish Mines.
 14736 | D:11     | Found a staircase to the Lair.
 14897 | D:11     | Found Juigho's Jewellery Boutique.
 14988 | D:11     | Reached skill level 5 in Hexes
 15290 | D:12     | Noticed a green ugly thing
 15315 | Lair:1   | Entered Level 1 of the Lair of Beasts
 15329 | D:11     | HP: 3/63 [hippogriff (6)]
 15330 | D:11     | Slain by a hippogriff

Vault maps used:
D:1:      matt_arrival_refuge
D:2:      uniq_sigmund, uniq_jessica
D:4:      first_ration
D:5:      temple_doors_e, basic_altar, ashenzari_altar_1, uniq_edmund,
          uniq_crazy_yiuf_cottage, uniq_duvessa
D:6:      enter_ossuary_3, serial_bayou_lake_a, uniq_pikel
D:7:      basic_altar, uniq_prince_ribbit1
D:8:      grunt_ogre_cave
D:9:      nicolae_qazlal_general_emergency, kennysheep_generic_room_14
D:10:     serial_shops, shop, basic_altar, uniq_urug
D:11:     erik_lair_island, orc_0_dummy, serial_shops, nicolae_shop_stone
D:12:     serial_bayou, serial_bayou_pond_d, serial_bayou_pond_e,
          serial_bayou_crossing, serial_bayou_pond_e, serial_bayou_pond_a
Temple:   regret_index_temple_sigil_plot
Lair:1:   grunt_megastairs_2
Ossuary:  ossuary_tomb_2

Skill      XL: |  1  2  3  4  5  6  7  8  9 10 11 |
---------------+----------------------------------+-----
Dodging        | 3 5 6 7 |  7.8
Shields        | 1 2 3 4 |  4.0
Conjurations   | 2 3 5 6 7 8 |  8.4
Spellcasting   | 4 5 6 7 |  7.0
Fire Magic     | 4 6 7 8 9 |  9.0
Earth Magic    | 4 6 8 9 |  9.0
Fighting       | 2 5 |  5.0
Staves         | 2 4 |  4.0
Evocations     | 1 4 |  4.3
Hexes          | 5 |  5.5
Stealth        | |  2.4

Action                   |  1- 3 |  4- 6 |  7- 9 | 10-12 || total
-------------------------+-------+-------+-------+-------++-------
Melee: Whip              |    20 |    10 |       |       ||    30
       Staff             |       |       |    76 |       ||    76
 Cast: Flame Tongue      |    28 |    55 |   288 |   194 ||   565
       Throw Flame       |    14 |    43 |    55 |    68 ||   180
       Stone Arrow       |       |       |     9 |     9 ||    18
       Fireball          |       |       |     5 |    34 ||    39
       Lee's Rapid Decon |       |       |     2 |     1 ||     3
  Use: Potion            |       |     2 |     1 |       ||     3
       Scroll            |       |       |    17 |     4 ||    21
  Eat: Chunk             |     3 |     9 |     8 |    17 ||    37
       Ration            |       |       |     4 |     1 ||     5
Armor: Robe              |     5 |     3 |    24 |     7 ||    39
       Skin              |       |       |    28 |       ||    28
Dodge: Dodged            |    20 |     9 |   103 |    67 ||   199
Block: Buckler           |     5 |     4 |    56 |    46 ||   111
       Reflection        |       |     1 |     6 |     3 ||    10

Table legend:
 A = Spawn XP
 B = Non-spawn XP
 C = Spawn XP percentage of total XP
 D = Spawn monster count
 E = Non-spawn monster count
 F = Spawn count percentage of total count
 G = Total turns spent on level
                    A         B        C        D         E        F      G
               +---------+---------+-------+---------+---------+-------+---------
         Total |       0 |   18846 |   0.0 |       0 |     283 |   0.0 | 15330
               +---------+---------+-------+---------+---------+-------+---------
           D:1 |       0 |      24 |   0.0 |       0 |      13 |   0.0 |  1309
           D:2 |       0 |     283 |   0.0 |       0 |      13 |   0.0 |  1303
           D:3 |       0 |     101 |   0.0 |       0 |      17 |   0.0 |   947
           D:4 |       0 |     398 |   0.0 |       0 |      26 |   0.0 |  1573
           D:5 |       0 |    1100 |   0.0 |       0 |      19 |   0.0 |  1521
           D:6 |       0 |    1640 |   0.0 |       0 |      24 |   0.0 |  1020
           D:7 |       0 |     866 |   0.0 |       0 |      12 |   0.0 |  1324
           D:8 |       0 |    3842 |   0.0 |       0 |      34 |   0.0 |  1988
           D:9 |       0 |    5122 |   0.0 |       0 |      41 |   0.0 |  1397
          D:10 |       0 |    2646 |   0.0 |       0 |      34 |   0.0 |   986
          D:11 |       0 |    2328 |   0.0 |       0 |      20 |   0.0 |  1004
        Lair:1 |       0 |     259 |   0.0 |       0 |       1 |   0.0 |    11
       Ossuary |       0 |     237 |   0.0 |       0 |      29 |   0.0 |   594
               +---------+---------+-------+---------+---------+-------+---------
